[Event "Titled Tuesday Blitz October 25 Early 2022"]
[White "Averjanov, Alexey"]
[Black "Srihari L R"]
[WhiteFideId "14109867"]
[BlackFideId "46617116"]
[WhiteElo "2695"]
[BlackElo "2336"]
[Result "1/2-1/2"]
[Round "11"]
[TimeControl "180+1"]
[Date "2022.10.25"]
[WhiteClock "0:00:48"]
[BlackClock "0:00:07"]

1. d4 e6 2. c4 f5 3. Nf3 Nf6 4. g3 b6 5. Bg2 Bb7 6. O-O Be7 7. b3 O-O 8. Bb2 Ne4 9. Nc3 Bf6 10. Rc1 d6 11. d5 Nxc3 12. Bxc3 Bxc3 13. Rxc3 e5 14. h4 h6 15. e4 f4 16. Bh3 Bc8 17. Bxc8 Qxc8 18. Kg2 fxg3 19. fxg3 Qg4 20. Qe2 Nd7 21. Re3 Nf6 22. Nh2 Qxe2+ 23. Rxe2 a5 24. Kh3 a4 25. b4 a3 26. Ng4 Nxg4 27. Rxf8+ Kxf8 28. Kxg4 Ra4 29. Rf2+ Kg8 30. Kf5 Kf7 31. h5 Rxb4 32. Rf3 Ra4 33. Kg4+ Kg8 34. Kf5 Kf7 35. Rc3 Rb4 36. Rxa3 Rxc4 37. Ra7 Rc2 38. a4 Rc3 39. Rb7 Ke7 40. g4 Kf7 41. g5 Rf3+ 42. Kg4 Rf4+ 43. Kg3 hxg5 44. Rxc7+ Kg8 45. Rc6 Rxe4 46. Rxb6 Rxa4 47. Rxd6 Rd4 48. Kf3 Kh7 49. Ke3 g4 50. Ke2 g3 51. Kf3 Rd3+ 52. Ke4 Rd4+ 53. Kf3 Rg4 54. Kg2 Rg5 55. Re6 Rxh5 56. d6 Rh2+ 57. Kxg3 Rd2 58. Kg4 g6 59. Re7+ Kh6 60. d7 Rd4+ 61. Kf3 g5 62. Ke3 Kh5 63. Kf3 Rd3+ 64. Ke4 Rd1 65. Kxe5 Kh4 66. Ke6 g4 67. Re8 Rxd7 68. Kxd7 g3 69. Rg8 Kh3 70. Ke6 g2 71. Kf5 Kh2 72. Rh8+ Kg3 73. Rg8+ Kf2 74. Kf4 g1=Q 75. Rxg1 Kxg1 1/2-1/2


[Site "https://www.chess.com"]

[Event "Titled Tuesday Blitz October 25 Early 2022"]
[White "Bortnyk, Olexandr"]
[Black "Pultinevicius, Paulius"]
[WhiteFideId "14120828"]
[BlackFideId "12809390"]
[WhiteElo "2723"]
[BlackElo "2500"]
[Result "1-0"]
[Round "11"]
[TimeControl "180+1"]
[Date "2022.10.25"]
[WhiteClock "0:00:56"]
[BlackClock "0:00:04"]

1. d4 Nf6 2. Nc3 d5 3. Bf4 e6 4. Nb5 Na6 5. e3 c6 6. Nc3 Nb8 7. Nf3 Be7 8. Bd3 b6 9. Qe2 O-O 10. e4 c5 11. e5 Nfd7 12. h4 h6 13. Bxh6 gxh6 14. Rh3 Re8 15. Rg3+ Kh8 16. Ng5 Bxg5 17. hxg5 Qe7 18. Qh5 Qf8 19. g6 cxd4 20. gxf7 Qg7 21. fxe8=Q+ 1-0


[Site "https://www.chess.com"]

[Event "Titled Tuesday Blitz October 25 Early 2022"]
[White "Caruana, Fabiano"]
[Black "Perez Ponsa, Federico"]
[WhiteFideId "2020009"]
[BlackFideId "117927"]
[WhiteElo "2847"]
[BlackElo "2604"]
[Result "1-0"]
[Round "11"]
[TimeControl "180+1"]
[Date "2022.10.25"]
[WhiteClock "0:02:02"]
[BlackClock "0:01:42"]

1. d4 Nf6 2. Bg5 c5 3. Bxf6 gxf6 4. d5 Qb6 5. Qc1 f5 6. e3 Bg7 7. c3 d6 8. Nd2 Nd7 9. Ne2 Nf6 10. Nf4 e5 11. dxe6 fxe6 12. Be2 Bd7 13. O-O O-O-O 14. a4 e5 15. Nh5 Nxh5 16. Bxh5 Qc7 17. a5 Bh6 18. a6 b6 19. Qc2 Rhg8 20. e4 Bxd2 21. Qxd2 fxe4 22. f3 Bc6 23. fxe4 Bxe4 24. g3 Rdf8 25. Rad1 d5 26. Qh6 Rxf1+ 27. Rxf1 c4 28. Qe6+ 1-0


[Site "https://www.chess.com"]

[Event "Titled Tuesday Blitz October 25 Early 2022"]
[White "Chernobay, Artem"]
[Black "Baskakov, Egor"]
[WhiteFideId "4167406"]
[BlackFideId "24197866"]
[WhiteElo "2473"]
[BlackElo "2211"]
[Result "1-0"]
[Round "11"]
[TimeControl "180+1"]
[Date "2022.10.25"]
[WhiteClock "0:00:21"]
[BlackClock "0:00:22"]

1. e4 c5 2. Nf3 Nf6 3. e5 Nd5 4. Ng5 e6 5. d4 cxd4 6. Qf3 f6 7. Bd3 g6 8. exf6 Qxf6 9. Qg3 Nc6 10. O-O Be7 11. Ne4 Qe5 12. f4 Qg7 13. Na3 O-O 14. Nc4 Ne3 15. Nxe3 dxe3 16. Bxe3 d5 17. Ng5 Bd7 18. c3 d4 19. Bd2 Rae8 20. Rae1 Bf6 21. Ne4 Be7 22. Kh1 Rf5 23. cxd4 Nxd4 24. Bc3 Bc6 25. Qe3 Rd8 26. Ng5 Bxg5 27. Bxf5 Nxf5 28. Qxe6+ Qf7 29. Qxf7+ Kxf7 30. fxg5 Rd3 31. Kg1 Kg8 32. Rf2 b5 33. Ref1 Rd8 34. g4 Ne3 35. Re1 Nxg4 36. Rf4 h5 37. h3 1-0


[Site "https://www.chess.com"]

[Event "Titled Tuesday Blitz October 25 Early 2022"]
[White "Deac, Bogdan-Daniel"]
[Black "Svane, Frederik"]
[WhiteFideId "1226380"]
[BlackFideId "12923044"]
[WhiteElo "2648"]
[BlackElo "2466"]
[Result "0-1"]
[Round "11"]
[TimeControl "180+1"]
[Date "2022.10.25"]
[WhiteClock "0:00:02"]
[BlackClock "0:00:26"]

1. d4 Nf6 2. c4 e6 3. Nf3 d5 4. g3 Bb4+ 5. Bd2 Be7 6. Bg2 O-O 7. Bf4 c6 8. Qc2 b6 9. Nbd2 Bb7 10. e4 Nxe4 11. Nxe4 dxe4 12. Qxe4 Nd7 13. O-O-O Qc8 14. Ne5 Nxe5 15. Bxe5 Rd8 16. h4 Rd7 17. Qg4 Bf8 18. h5 h6 19. c5 Ba6 20. Qf3 Rd5 21. Qc3 bxc5 22. Bxd5 cxd5 23. Kb1 f6 24. Bf4 cxd4 25. Qxd4 Bb7 26. Rc1 Qd8 27. Bc7 Qd7 28. f4 Rc8 29. Ba5 e5 30. fxe5 Qf5+ 31. Ka1 fxe5 32. Qxa7 Bc6 33. Qa6 Qd7 34. Rhf1 e4 35. Bc3 Bb5 36. Qg6 Bxf1 37. Rxf1 Re8 38. Bd4 e3 39. a3 Re4 40. Bc3 e2 41. Re1 Qf7 42. Qxf7+ Kxf7 43. Kb1 d4 44. Bd2 d3 45. a4 Bc5 46. a5 Bf2 47. Rc1 e1=Q 48. Bxe1 Rxe1 49. Rxe1 Bxe1 50. a6 Bf2 51. b4 Ke6 52. Kc1 Kd5 53. Kd2 Kc4 54. b5 Bb6 55. g4 Ba7 0-1


[Site "https://www.chess.com"]

[Event "Titled Tuesday Blitz October 25 Early 2022"]
[White "Faizrakhmanov, Ramil"]
[Black "Hasangatin, Ramil"]
[WhiteFideId "24103209"]
[BlackFideId "4122160"]
[WhiteElo "2421"]
[BlackElo "2358"]
[Result "1-0"]
[Round "11"]
[TimeControl "180+1"]
[Date "2022.10.25"]
[WhiteClock "0:00:21"]
[BlackClock "0:00:24"]

1. d4 d6 2. Nf3 Bg4 3. c4 Bxf3 4. exf3 c6 5. Nc3 Nf6 6. d5 g6 7. g3 Bg7 8. Bg2 cxd5 9. cxd5 O-O 10. O-O Nbd7 11. f4 a6 12. Re1 Re8 13. a4 Qa5 14. Be3 Nc5 15. Bd4 Qb4 16. Rb1 Nfd7 17. Bxg7 Kxg7 18. Qc2 Qb3 19. Qd2 Qb4 20. Re3 Nf6 21. Qc2 Rac8 22. Rbe1 Rc7 23. h4 Nxa4 24. Qxa4 Qxb2 25. Ne4 Rec8 26. R3e2 Rc2 27. Rxc2 Rxc2 28. Qa1 Qxa1 29. Rxa1 Nxd5 30. Nxd6 Nxf4 31. Nxb7 Nxg2 32. Kxg2 Rc6 33. Ra5 h6 34. Nc5 g5 35. hxg5 hxg5 36. Nxa6 f6 37. Nb4 Rd6 38. Nd5 Kf7 39. Ne3 e6 40. Rb5 Rd4 41. Rc5 f5 42. Nc4 Kf6 43. Rc6 g4 44. Nd6 Rd5 45. Nb7 Re5 46. Nc5 Kf7 47. Rc7+ Kg6 48. Nd7 Re4 49. Rc6 Kf7 50. Ra6 Ke7 51. Nc5 Re5 52. Ra7+ Kd6 53. Nd3 Re4 54. Nf4 Ke5 55. Rf7 Kd6 56. Rf6 Ke7 57. Rh6 Kf7 58. Nh5 Ke7 59. Rh7+ Kd6 60. Nf6 Rd4 61. Rd7+ Ke5 62. Rxd4 Kxd4 63. Nh5 Ke5 64. Nf4 Ke4 65. Nxe6 Ke5 66. Nf4 Kf6 67. Kf1 Ke5 68. Ke1 Ke4 69. Ke2 Kd4 70. Ng2 Ke4 71. Nf4 Kd4 72. Ne6+ Ke4 73. Ng7 Ke5 74. Ke3 Kf6 75. Nh5+ Ke5 76. Nf4 Kf6 77. Kd4 Kg5 78. Ke5 Kh6 79. Kxf5 Kg7 80. Kxg4 Kf6 81. f3 Ke5 82. Ng2 Kd4 83. Nh4 Kd3 84. f4 Ke2 85. f5 Kf2 86. f6 Ke1 87. f7 Ke2 88. f8=Q Kd1 89. Kf3 Kc2 90. Qd6 Kb1 91. Ke2 Ka2 92. Qb6 Ka1 93. Kd3 Ka2 94. Kc3 Ka1 95. Qb2# 1-0


[Site "https://www.chess.com"]

[Event "Titled Tuesday Blitz October 25 Early 2022"]
[White "Gabrielian, Artur"]
[Black "Jones, Gawain C B"]
[WhiteFideId "4131002"]
[BlackFideId "409561"]
[WhiteElo "2432"]
[BlackElo "2657"]
[Result "1/2-1/2"]
[Round "11"]
[TimeControl "180+1"]
[Date "2022.10.25"]
[WhiteClock "0:00:10"]
[BlackClock "0:00:07"]

1. e4 c5 2. Nf3 g6 3. d4 cxd4 4. Nxd4 Nc6 5. Nc3 Bg7 6. Be3 Nf6 7. Bc4 O-O 8. Bb3 a5 9. O-O a4 10. Nxa4 Nxe4 11. Nb5 d5 12. c3 e6 13. Qe2 Bd7 14. Rad1 Ne5 15. f3 Bxb5 16. Qxb5 Nd6 17. Qe2 Nec4 18. Bf2 b6 19. Bxc4 Nxc4 20. b3 Qc7 21. bxc4 Rxa4 22. cxd5 exd5 23. Rxd5 Rfa8 24. Rfd1 Rxa2 25. Qe3 h5 26. Qxb6 Qxc3 27. Qe3 Kh7 28. Qxc3 Bxc3 29. Rd7 Kg7 30. h3 Re8 31. Rc7 Ree2 32. Rxc3 Rxf2 33. g4 Rg2+ 34. Kh1 Rh2+ 35. Kg1 Rag2+ 36. Kf1 Ra2 37. Kg1 h4 38. f4 Rhg2+ 39. Kh1 Rh2+ 40. Kg1 Rag2+ 41. Kf1 Rb2 42. Kg1 Rbg2+ 43. Kf1 Rf2+ 44. Kg1 Rhg2+ 45. Kh1 Rg3 46. Rxg3 hxg3 47. Rd3 Rxf4 48. Rxg3 Kf6 49. Kg2 Kg5 50. Rf3 Rxf3 51. Kxf3 Kh4 52. Kg2 f5 53. gxf5 gxf5 54. Kf3 f4 55. Kxf4 Kxh3 1/2-1/2


[Site "https://www.chess.com"]

[Event "Titled Tuesday Blitz October 25 Early 2022"]
[White "Gharibyan, Mamikon"]
[Black "Al Hosani, Omran"]
[WhiteFideId "13308300"]
[BlackFideId "9308733"]
[WhiteElo "2378"]
[BlackElo "2167"]
[Result "1-0"]
[Round "11"]
[TimeControl "180+1"]
[Date "2022.10.25"]
[WhiteClock "0:00:06"]
[BlackClock "0:00:03"]

1. d4 Nf6 2. c4 g6 3. Nc3 d5 4. Nf3 Bg7 5. e3 O-O 6. cxd5 Nxd5 7. Bc4 Nb6 8. Bb3 Nc6 9. O-O Na5 10. Bc2 Nac4 11. b3 Nd6 12. Ba3 c6 13. h3 Nd5 14. Nxd5 cxd5 15. Bd3 Bf5 16. Bxd6 Qxd6 17. Bxf5 gxf5 18. Qd3 e6 19. g3 Rac8 20. Rac1 Qa3 21. Rc2 Rfd8 22. Kg2 a5 23. g4 fxg4 24. hxg4 Rxc2 25. Qxc2 Qe7 26. g5 f6 27. Rh1 f5 28. Rc1 h6 29. Qc7 Rd7 30. Qg3 Kh7 31. Rc8 Rd8 32. Rc7 Rd7 33. Rc5 Qd6 34. g6+ Kg8 35. Rc8+ Bf8 36. Qh4 Qe7 37. Qxh6 Qg7 38. Qh7+ Qxh7 39. gxh7+ Rxh7 40. Ng5 Re7 41. f4 Kg7 42. Kf3 Kg8 43. a4 Kg7 44. Rc5 Kf6 45. Rxa5 Rc7 46. Rb5 Bh6 47. Rb6 Bxg5 48. fxg5+ Kxg5 49. Rxe6 Rc3 50. b4 Rb3 51. b5 Rb4 52. Re5 Rxa4 53. Rxd5 Kf6 54. Kf4 Rb4 55. Rxf5+ Ke6 56. Rh5 Rb1 57. Ke4 Kd6 58. Rh6+ Kc7 59. Rh5 Kd6 60. Rd5+ Ke6 61. Re5+ Kd6 62. Rg5 Rb3 63. Kf4 Rb4 64. Rg6+ Kd7 65. Ke5 Rxb5+ 66. d5 Rb1 67. e4 b5 68. Rg7+ Ke8 69. Ke6 Kf8 70. Rb7 b4 71. d6 b3 72. Kf6 Ke8 73. e5 Kd8 74. Ke6 Kc8 75. Rb4 b2 76. Ke7 Rd1 77. Rxb2 Rd5 78. Rc2+ Kb8 79. e6 Kb7 80. d7 1-0


[Site "https://www.chess.com"]

[Event "Titled Tuesday Blitz October 25 Early 2022"]
[White "Gokerkan, Cem Kaan"]
[Black "Lamaze, Simon"]
[WhiteFideId "6336760"]
[BlackFideId "36069264"]
[WhiteElo "2365"]
[BlackElo "2272"]
[Result "1-0"]
[Round "11"]
[TimeControl "180+1"]
[Date "2022.10.25"]
[WhiteClock "0:01:33"]
[BlackClock "0:01:59"]

1. e4 c5 2. c3 Nf6 3. e5 Nd5 4. d4 cxd4 5. Qxd4 e6 6. Nf3 Nc6 7. Qe4 f5 8. Qe2 b5 9. g3 a5 10. Bg2 Ba6 11. O-O Bc5 12. Nh4 Nce7 13. Bg5 Rc8 14. Bxd5 exd5 15. Qh5+ g6 16. Nxg6 Nxg6 17. Bxd8 Kxd8 18. Nd2 f4 19. Nb3 Bb6 20. Rad1 b4 21. Rxd5 bxc3 22. bxc3 Bxf1 23. Kxf1 a4 24. Nd4 Rxc3 25. Qf5 1-0


[Site "https://www.chess.com"]

[Event "Titled Tuesday Blitz October 25 Early 2022"]
[White "Halkias, Stelios"]
[Black "Indjic, Aleksandar"]
[WhiteFideId "4201809"]
[BlackFideId "911925"]
[WhiteElo "2453"]
[BlackElo "2592"]
[Result "0-1"]
[Round "11"]
[TimeControl "180+1"]
[Date "2022.10.25"]
[WhiteClock "0:00:20"]
[BlackClock "0:00:40"]

1. Nf3 d5 2. d4 Nf6 3. c4 e6 4. g3 Be7 5. Bg2 O-O 6. O-O dxc4 7. Qc2 a6 8. a4 Bd7 9. Qxc4 Bc6 10. Bf4 a5 11. Qc1 Bd6 12. Nc3 Na6 13. Bg5 Be7 14. Rd1 Nb4 15. Ne5 Bxg2 16. Kxg2 Nd7 17. Bxe7 Qxe7 18. Nf3 Rfd8 19. Qf4 Nf8 20. Rac1 c6 21. e4 Rd6 22. h4 h6 23. Qe3 Rad8 24. Ne2 b6 25. Ne5 Qb7 26. Nc3 b5 27. Kh2 Qb6 28. Nf3 Ng6 29. h5 Ne7 30. g4 Qb8 31. Kh3 f5 32. gxf5 exf5 33. e5 Ned5 34. Nxd5 Nxd5 35. Qd2 Re6 36. Rg1 Qb7 37. Rg3 Qf7 38. Kg2 f4 39. Rg4 Qxh5 40. Rh4 Rg6+ 0-1


[Site "https://www.chess.com"]

[Event "Titled Tuesday Blitz October 25 Early 2022"]
[White "Kamsky, Gata"]
[Black "Vachylia, Andrii"]
[WhiteFideId "2000024"]
[BlackFideId "14137224"]
[WhiteElo "2666"]
[BlackElo "2318"]
[Result "1-0"]
[Round "11"]
[TimeControl "180+1"]
[Date "2022.10.25"]
[WhiteClock "0:01:41"]
[BlackClock "0:00:28"]

1. e4 c5 2. Nc3 d6 3. Bc4 Nc6 4. a3 e6 5. Ba2 Nf6 6. d3 Be7 7. f4 O-O 8. Nf3 d5 9. O-O Rb8 10. Qe1 b5 11. e5 Nd7 12. Qg3 f5 13. exf6 Nxf6 14. Bd2 c4 15. Rae1 Bc5+ 16. Kh1 Ne7 17. Ne5 Nf5 18. Qh3 Bb7 19. Ne2 Ba8 20. Ng3 Nxg3+ 21. hxg3 Rb6 22. g4 Rd6 23. g5 Ne8 24. c3 g6 25. d4 Bb6 26. Bb1 Ng7 27. g4 Bc7 28. Re2 Rb6 29. Rh2 1-0


[Site "https://www.chess.com"]

[Event "Titled Tuesday Blitz October 25 Early 2022"]
[White "Kosakowski, Jakub"]
[Black "Sanal, Vahap"]
[WhiteFideId "1185080"]
[BlackFideId "6300545"]
[WhiteElo "2463"]
[BlackElo "2574"]
[Result "0-1"]
[Round "11"]
[TimeControl "180+1"]
[Date "2022.10.25"]
[WhiteClock "0:00:01"]
[BlackClock "0:00:08"]

1. e4 d6 2. d4 Nf6 3. Nc3 e5 4. Nf3 Nbd7 5. Rg1 c6 6. g4 h6 7. Be3 Be7 8. Qd2 b5 9. a3 Qa5 10. Bd3 Rb8 11. h4 Nf8 12. dxe5 dxe5 13. Nxe5 b4 14. Nxc6 bxc3 15. bxc3 Qc7 16. Nxb8 Qxb8 17. g5 hxg5 18. hxg5 Ng4 19. Bd4 Ne6 20. Be2 Qh2 21. f3 Nxd4 22. Qxd4 Qh4+ 23. Kd1 O-O 24. Bd3 Rd8 25. Qxa7 Bxg5 26. fxg4 Qh2 27. Ke1 Qd2+ 28. Kf1 Be3 29. Rg2 Qxg2+ 30. Kxg2 Bxa7 31. Kf3 Rd6 32. Rb1 Rb6 33. Rb4 Kf8 34. Ra4 Rf6+ 35. Kg3 Bb8+ 36. Kg2 Bxg4 37. Ra8 Rb6 38. a4 Ke7 39. a5 Rb1 40. a6 Bf4 41. Bc4 Ra1 42. Rg8 Be5 43. Kf2 Be6 44. Bd3 Bxc3 45. Rb8 Be5 46. Rb7+ Kf6 47. Ke3 Ra4 48. Kd2 Bd4 49. Bb5 Ra1 50. Kd3 Bg1 51. Rc7 g5 52. Ke2 g4 53. c4 Ra2+ 54. Kf1 g3 55. Kxg1 Bh3 0-1


[Site "https://www.chess.com"]

[Event "Titled Tuesday Blitz October 25 Early 2022"]
[White "Kozak, Antoni"]
[Black "Seliverstov, Vladimir"]
[WhiteFideId "21832030"]
[BlackFideId "4192036"]
[WhiteElo "2439"]
[BlackElo "2489"]
[Result "1-0"]
[Round "11"]
[TimeControl "180+1"]
[Date "2022.10.25"]
[WhiteClock "0:00:21"]
[BlackClock "0:00:06"]

1. Nf3 g6 2. c4 Bg7 3. Nc3 d6 4. d4 Nf6 5. e4 O-O 6. h3 a6 7. Bd3 c5 8. O-O cxd4 9. Nxd4 Nc6 10. Nc2 Ne5 11. Be2 Be6 12. f4 Nc6 13. Be3 Rc8 14. b4 Nh5 15. Qe1 Ng3 16. Qxg3 Bxc3 17. Rab1 Bg7 18. Rfd1 Nb8 19. c5 Bxa2 20. Rbc1 Qe8 21. Nd4 dxc5 22. bxc5 Nc6 23. Nf3 Rd8 24. e5 Bb3 25. Rf1 Bd5 26. h4 Qd7 27. h5 Qf5 28. Ng5 h6 29. Nf3 gxh5 30. Nh4 Qe4 31. f5 Nxe5 32. Rf4 Ng4 33. Rxe4 Bxe4 34. Bxg4 hxg4 35. Qxg4 1-0


[Site "https://www.chess.com"]

[Event "Titled Tuesday Blitz October 25 Early 2022"]
[White "Lymar, Vladislav"]
[Black "Rozman, Levy"]
[WhiteFideId "14162180"]
[BlackFideId "2039877"]
[WhiteElo "2094"]
[BlackElo "2376"]
[Result "0-1"]
[Round "11"]
[TimeControl "180+1"]
[Date "2022.10.25"]
[WhiteClock "0:00:01"]
[BlackClock "0:00:49"]

1. Nc3 e5 2. d4 d5 3. dxe5 d4 4. Ne4 Qd5 5. Ng3 Nc6 6. Nf3 Bb4+ 7. Bd2 Bc5 8. c3 Bg4 9. cxd4 Bxf3 10. exf3 Qxd4 11. Ne4 O-O-O 12. Nxc5 Qxe5+ 13. Ne4 f5 14. Be2 fxe4 15. fxe4 Qxb2 16. Rb1 Qxa2 17. Ra1 Qb2 18. Rb1 Qd4 19. Qc2 Nf6 20. Bf3 Qd3 21. Qxd3 Rxd3 22. Ke2 Rhd8 23. Be3 Ne5 24. Rhc1 b6 25. Ke1 Nxf3+ 26. gxf3 Kb7 27. Ke2 R3d7 28. e5 Nd5 29. f4 Rf7 30. Kf3 Nxf4 31. Bxf4 Rd4 32. Ke3 Rfxf4 33. f3 g5 34. Rg1 h6 35. Rg3 Rd5 0-1


[Site "https://www.chess.com"]

[Event "Titled Tuesday Blitz October 25 Early 2022"]
[White "Maghsoodloo, Parham"]
[Black "Oparin, Grigoriy"]
[WhiteFideId "12539929"]
[BlackFideId "24125890"]
[WhiteElo "2676"]
[BlackElo "2639"]
[Result "0-1"]
[Round "11"]
[TimeControl "180+1"]
[Date "2022.10.25"]
[WhiteClock "0:02:14"]
[BlackClock "0:02:03"]

1. d4 Nf6 2. c4 e6 3. Nf3 d5 4. g3 Be7 5. Bg2 O-O 6. O-O dxc4 7. Qc2 a6 8. a4 Bd7 9. Qxc4 Bc6 10. Bf4 Nbd7 11. Qc1 Bd6 12. Nc3 b5 13. a5 Rc8 14. Na2 Bd5 15. Ne1 Bxf4 16. Qxf4 c5 17. dxc5 Nxc5 18. Nb4 Nb3 19. Ra3 Rc4 20. Nxd5 Rxf4 21. Nxf4 Nd2 22. Rd3 Qxa5 23. b4 Qa2 0-1


[Site "https://www.chess.com"]

[Event "Titled Tuesday Blitz October 25 Early 2022"]
[White "Martinez Alcantara, Jose Eduardo"]
[Black "Andreikin, Dmitry"]
[WhiteFideId "3805662"]
[BlackFideId "4158814"]
[WhiteElo "2703"]
[BlackElo "2736"]
[Result "1-0"]
[Round "11"]
[TimeControl "180+1"]
[Date "2022.10.25"]
[WhiteClock "0:00:50"]
[BlackClock "0:00:20"]

1. e4 c5 2. Nf3 Nc6 3. c3 Nf6 4. Bd3 e5 5. Bc2 d6 6. h3 Be7 7. O-O g5 8. Nh2 h5 9. d3 g4 10. h4 d5 11. g3 Be6 12. Qe2 Qd7 13. Na3 O-O-O 14. Bg5 Kb8 15. Rfe1 d4 16. Nf1 c4 17. Red1 cxd3 18. Bxd3 Nh7 19. Bxe7 Qxe7 20. Nc2 Ng5 21. hxg5 h4 22. Bb5 Qxg5 23. Bxc6 bxc6 24. Nb4 Bd7 25. cxd4 hxg3 26. Nxg3 Rh3 27. dxe5 Rdh8 28. Rxd7 Qh4 29. Nxc6+ Kc8 30. Qa6+ Kxd7 31. Rd1+ Kc7 32. Qxa7+ Kxc6 33. Rd6+ Kb5 34. Qb6+ Kc4 35. Rd4# 1-0


[Site "https://www.chess.com"]

[Event "Titled Tuesday Blitz October 25 Early 2022"]
[White "Matlakov, Maxim"]
[Black "Shipov, Sergei"]
[WhiteFideId "4168003"]
[BlackFideId "4113624"]
[WhiteElo "2669"]
[BlackElo "2744"]
[Result "1-0"]
[Round "11"]
[TimeControl "180+1"]
[Date "2022.10.25"]
[WhiteClock "0:00:20"]
[BlackClock "0:00:05"]

1. Nf3 d5 2. g3 c6 3. Bg2 Bg4 4. O-O Nd7 5. d3 e5 6. Qe1 Ngf6 7. e4 dxe4 8. dxe4 Bc5 9. Nbd2 O-O 10. h3 Bh5 11. Nh4 Re8 12. Nc4 Qc7 13. a4 a5 14. Bd2 b6 15. Bc3 Rad8 16. Nf5 Nf8 17. Kh2 N6d7 18. f3 Ne6 19. Rd1 f6 20. h4 Ndf8 21. Qe2 Bf7 22. b3 Nd4 23. Bxd4 exd4 24. Nb2 Ne6 25. f4 Bf8 26. h5 g6 27. hxg6 hxg6 28. Nh4 Nc5 29. Nd3 Nxe4 30. Bxe4 f5 31. Ne5 fxe4 32. Qxe4 Re6 33. Rde1 Bg7 34. Nhf3 Be8 35. Ng5 Re7 36. Qd3 Qd6 37. Nc4 Qf6 38. Nxb6 c5 39. Qc4+ Kh8 40. Nd5 Rxd5 41. Qxd5 Rxe1 42. Rxe1 Bc6 43. Qf7 Qxf7 44. Nxf7+ Kg8 45. Ne5 Be8 46. Nc4 Bd7 47. Nxa5 Bf5 48. Re2 d3 49. cxd3 Bxd3 50. Rd2 Be4 51. Nc4 Bf6 52. a5 g5 53. a6 gxf4 54. gxf4 Kg7 55. a7 Kg6 56. Re2 Bb7 57. Re8 1-0


[Site "https://www.chess.com"]

[Event "Titled Tuesday Blitz October 25 Early 2022"]
[White "Molina, Roberto Junio Brito"]
[Black "Korchmar, Vasiliy"]
[WhiteFideId "2109450"]
[BlackFideId "24131750"]
[WhiteElo "2388"]
[BlackElo "2370"]
[Result "1-0"]
[Round "11"]
[TimeControl "180+1"]
[Date "2022.10.25"]
[WhiteClock "0:00:30"]
[BlackClock "0:00:05"]

1. d4 d5 2. Nf3 Nf6 3. e3 c5 4. c3 Nbd7 5. Nbd2 g6 6. b4 c4 7. e4 dxe4 8. Ng5 e3 9. fxe3 Bh6 10. h4 b5 11. a4 O-O 12. axb5 Nb6 13. e4 e5 14. d5 Nh5 15. Qf3 f5 16. Nxc4 fxe4 17. Qe3 Nxd5 18. Qc5 Ng3 19. Rg1 Bg4 20. Nd6 Nf4 21. Qxe5 Nfe2 22. Bxe2 Nxe2 23. Be3 Bg7 24. Qd5+ Kh8 25. Ngf7+ Rxf7 26. Nxf7+ Kg8 27. Nxd8+ 1-0


[Site "https://www.chess.com"]

[Event "Titled Tuesday Blitz October 25 Early 2022"]
[White "Oganian, Miran"]
[Black "Paravyan, David"]
[WhiteFideId "4122488"]
[BlackFideId "4194985"]
[WhiteElo "2339"]
[BlackElo "2555"]
[Result "0-1"]
[Round "11"]
[TimeControl "180+1"]
[Date "2022.10.25"]
[WhiteClock "0:00:03"]
[BlackClock "0:01:12"]

1. e4 e5 2. Nf3 Nf6 3. Nc3 Nc6 4. d4 exd4 5. Nxd4 Bb4 6. Nxc6 bxc6 7. Bd3 O-O 8. O-O d5 9. exd5 Bg4 10. Be2 Bxe2 11. Nxe2 Re8 12. Bg5 Qxd5 13. Qxd5 cxd5 14. Nd4 Ne4 15. Be3 Bc5 16. Rad1 Nd6 17. Nf5 Nxf5 18. Bxc5 c6 19. Rfe1 a6 20. f3 f6 21. g4 Nh4 22. Kf2 Ng6 23. Kg3 Kf7 24. h4 Ne5 25. b3 Nd7 26. Bd6 Re6 27. Rxe6 Kxe6 28. Ba3 c5 29. Re1+ Kd6 30. h5 a5 31. f4 Rb8 32. Bb2 d4 33. g5 fxg5 34. fxg5 Nb6 35. Rf1 Ke6 36. Kg4 Nd5 37. Bc1 a4 38. Re1+ Kd6 39. Rf1 Re8 40. bxa4 Re2 41. a5 Rxc2 42. a3 Kc6 43. g6 hxg6 44. hxg6 Kb5 45. Bg5 Rg2+ 46. Kh5 d3 47. Rf5 Nc3 48. Rf7 Ne4 49. Be3 Nf6+ 50. Kh4 Rxg6 51. Rf8 Rg4+ 52. Kh3 Ra4 53. Rb8+ Kc4 54. Rc8 Ne4 55. Kh4 Rxa5 56. Kg4 Rxa3 57. Kf4 d2 58. Bxd2 Nxd2 59. Kg5 Rg3+ 0-1


[Site "https://www.chess.com"]

[Event "Titled Tuesday Blitz October 25 Early 2022"]
[White "Peyrer, Konstantin"]
[Black "Madaminov, Mukhiddin"]
[WhiteFideId "1640879"]
[BlackFideId "14210703"]
[WhiteElo "2415"]
[BlackElo "2341"]
[Result "1-0"]
[Round "11"]
[TimeControl "180+1"]
[Date "2022.10.25"]
[WhiteClock "0:00:01"]
[BlackClock "0:00:01"]

1. d4 Nf6 2. c4 g6 3. Nc3 d5 4. cxd5 Nxd5 5. e4 Nxc3 6. bxc3 Bg7 7. Nf3 c5 8. Be3 Qa5 9. Nd2 cxd4 10. Nc4 Qd8 11. cxd4 O-O 12. Rc1 f5 13. Qb3 Kh8 14. Ne5 f4 15. Bd2 Nc6 16. Nf7+ Rxf7 17. Qxf7 Bxd4 18. Bxf4 Ne5 19. Qd5 Qxd5 20. exd5 Ng4 21. Bg3 Bf5 22. Be2 Nf6 23. Bf3 Rd8 24. O-O b6 25. Rfd1 Bc5 26. Be5 Kg8 27. d6 Kf7 28. dxe7 Re8 29. Bd6 Bxd6 30. Rxd6 Rxe7 31. h3 Be4 32. Bd1 Bd5 33. Bb3 Bxb3 34. axb3 Ne4 35. Rd3 Nc5 36. Rf3+ Kg7 37. b4 Na6 38. Rb1 Nc7 39. b5 Re5 40. Rd3 Nxb5 41. Rd7+ Kh6 42. f4 Rc5 43. g4 g5 44. f5 a5 45. Re1 1-0


[Site "https://www.chess.com"]

[Event "Titled Tuesday Blitz October 25 Early 2022"]
[White "Postny, Evgeny"]
[Black "Dubov, Daniil"]
[WhiteFideId "2804344"]
[BlackFideId "24126055"]
[WhiteElo "2473"]
[BlackElo "2791"]
[Result "0-1"]
[Round "11"]
[TimeControl "180+1"]
[Date "2022.10.25"]
[WhiteClock "0:00:07"]
[BlackClock "0:00:02"]

1. e4 c5 2. Nf3 d6 3. d4 cxd4 4. Nxd4 Nf6 5. Nc3 Nc6 6. Bg5 g6 7. Bxf6 exf6 8. Be2 Bg7 9. Nb3 O-O 10. O-O f5 11. exf5 Bxf5 12. Bd3 Be6 13. Qd2 Qh4 14. Rfe1 Rac8 15. Re4 Qf6 16. Rae1 Ne5 17. Nd4 Bc4 18. Bxc4 Nxc4 19. Qe2 Nb6 20. Qd1 d5 21. Re5 Qxe5 22. Rxe5 Bxe5 23. Nce2 Nc4 24. b3 Nd6 25. Nf3 Bg7 26. h4 Rfd8 27. h5 Ne4 28. Ned4 Nc3 29. Qe1 Re8 30. Qd2 Re4 31. Kf1 b5 32. g3 Bf6 33. h6 a5 34. Kg2 b4 35. Qd3 Rce8 36. Qa6 Be7 37. Nc6 Bf8 38. Qxa5 Bxh6 39. Nxb4 Re2 40. Nxd5 Nxd5 41. Qxd5 Be3 42. Kh3 Rxf2 43. Ne5 Bg5 44. Ng4 Rf5 45. Qd7 Rf8 46. Qd4 h5 47. Ne3 Rf6 48. Nd5 Re6 49. c4 Rfe8 50. a4 Re2 51. a5 Rd2 52. Nf6+ Kh8 53. Qc3 Bxf6 54. Qd3 Rxd3 0-1


[Site "https://www.chess.com"]

[Event "Titled Tuesday Blitz October 25 Early 2022"]
[White "Pranav, V"]
[Black "Dardha, Daniel"]
[WhiteFideId "25060783"]
[BlackFideId "240990"]
[WhiteElo "2430"]
[BlackElo "2528"]
[Result "0-1"]
[Round "11"]
[TimeControl "180+1"]
[Date "2022.10.25"]
[WhiteClock "0:00:37"]
[BlackClock "0:00:51"]

1. e4 e5 2. Nf3 Nc6 3. Bb5 Nf6 4. O-O Nxe4 5. d4 Nd6 6. Bxc6 dxc6 7. dxe5 Nf5 8. Qxd8+ Kxd8 9. Rd1+ Ke8 10. Nc3 Be7 11. h3 Nh4 12. Ng5 h6 13. Nge4 Be6 14. Be3 b6 15. a4 a5 16. g4 h5 17. g5 Bxh3 18. f4 Bg4 19. Rd3 Be6 20. Kf2 Nf5 21. Rh1 Rd8 22. Rxd8+ Kxd8 23. Kf3 Kc8 24. Bf2 g6 25. Ne2 Rd8 26. Rc1 Kb7 27. Bg1 Ng7 28. Nd4 Bg4+ 29. Kg2 Ne6 30. Nxe6 Bxe6 31. Kg3 Bf5 32. Kf3 c5 33. Be3 Kc6 34. b3 Bg4+ 35. Kf2 Rd1 36. c4 Rd3 37. Rc3 Rd8 38. Rc1 Bd1 39. Nd2 Rxd2+ 40. Bxd2 Bxb3 41. e6 fxe6 42. Ke3 Bxa4 43. Ke4 Bd6 44. Bc3 Kd7 45. Be5 Bc6+ 46. Ke3 a4 47. Rd1 h4 48. Kf2 Be4 49. Kg1 Kc6 50. Kh2 Bc2 51. Re1 Bxe5 52. Rxe5 Kd6 53. Kh3 Bd3 54. Kxh4 Bxc4 55. Re3 Bb3 0-1


[Site "https://www.chess.com"]